 Dungeon Crawl Stone Soup version 0.20-a0-927-g1ae2c61 (webtiles) character file.

10248 4thArraOfDagon the Quickloader (level 11, -1/84 HPs)
             Began as a Mummy Hunter on Mar 29, 2017.
             Was an Initiate of Gozag.
             Slain by a wyvern (14 damage)
             ... on level 13 of the Dungeon.
             The game lasted 00:54:17 (12524 turns).

4thArraOfDagon the Quickloader (Mummy Hunter)      Turns: 12524, Time: 00:54:18

Health: -1/84      AC: 23    Str: 25    XL:     11   Next: 33%
Magic:  11/11      EV: 20    Int: 21    God:    Gozag
Gold:   68         SH:  0    Dex: 21    Spells: 10/10 levels left

rFire    . . .     SeeInvis .   k - +2 whip (freeze)
rCold    + + +     Gourm    .   (no shield)
rNeg     + + +     Faith    .   m - +5 scale mail "Qohek" {*Contam rC++}
rPois    ∞         Spirit   .   L - +0 helmet {Int+3}
rElec    .         Reflect  .   J - +1 cloak {+Inv}
rCorr    .         Harm     .   g - +0 pair of gloves
MR       +....                  K - +0 pair of boots of the Lily {rF+ Str+3}
Stlth    ++........             O - amulet of magic regeneration
Regen    0.3/turn               w - +4 ring of protection
MPRegen  0.2/turn               v - +4 ring of dexterity

@: mighty, brilliant, agile
A: no food or potions, fire vulnerability, cold resistance 1, negative energy
resistance 3, torment resistance, unbreathing
a: Potion Petition, Call Merchant, Bribe Branch, Renounce Religion, Evoke
Invisibility


You were on level 13 of the Dungeon.
You worshipped Gozag.
Gozag was noncommittal.
You were not hungry.

You visited 2 branches of the dungeon, and saw 14 of its levels.
You also visited: Bailey.

You collected 1864 gold pieces.
You spent 735 gold pieces at shops.
You paid 1061 gold pieces to Gozag.

Inventory:

Hand Weapons
 a - a +2 hand crossbow
 b - a +0 short sword
 e - a -1 war axe
 k - a +2 whip of freezing (weapon)
 o - a +5 shortbow of flaming
 q - a cursed -1 blowgun
 A - a +0 mace of crushing
Missiles
 d - 46 bolts
 r - 49 poisoned needles
 t - 20 tomahawks of returning (quivered)
Armour
 c - a +0 leather armour
 g - a +0 pair of gloves (worn)
 i - a +0 ring mail
 m - the +5 scale mail "Qohek" (worn) {*Contam rC++}
   (You found it on level 6 of the Dungeon)

   It greatly protects you from cold.
   It causes magical contamination when unequipped.
 n - the +1 robe "Nowk" {+Inv rF- Regen+}
   (You found it on level 6 of the Dungeon)

   It makes you vulnerable to fire.
   It lets you turn invisible.
   It increases your rate of regeneration.
 C - a +1 pair of boots
 J - a +1 cloak of invisibility (worn)
 K - the +0 pair of boots of the Lily (worn) {rF+ Str+3}
   (You bought it in a shop on level 11 of the Dungeon)

   It affects your strength (+3).
   It protects you from fire.
 L - a +0 helmet of intelligence (worn)
Jewellery
 l - an uncursed ring of protection from magic
 v - a +4 ring of dexterity (right hand)
 w - a +4 ring of protection (left hand)
 E - a +2 ring of protection
 F - an uncursed ring of positive energy
 I - an uncursed ring of poison resistance
 O - an amulet of magic regeneration (around neck)
Wands
 f - a wand of paralysis (0/24)
 h - a wand of iceblast (0/15)
 j - a wand of scattershot (0/9)
 s - a wand of iceblast (0/15)
 y - a wand of confusion (0/48)
 B - a wand of random effects (0/48)
Scrolls
 D - a scroll of vulnerability
 H - a scroll of identify
 M - a scroll of fog
 N - a scroll of amnesia
 P - a scroll of brand weapon {unknown}
Books
 p - a book of Changes

   Spells                             Type                      Level
   a - Beastly Appendage              Transmutation                1
   b - Sticks to Snakes               Transmutation                2
   c - Spider Form                    Transmutation/Poison         3
   d - Ice Form                       Ice/Transmutation            4
   e - Blade Hands                    Transmutation                5
 u - a book of Battle

   Spells                             Type                      Level
   a - Infusion                       Charms                       1
   b - Shroud of Golubria             Charms/Translocation         2
   c - Song of Slaying                Charms                       2
   d - Spectral Weapon                Hexes/Charms                 3
   e - Regeneration                   Charms/Necromancy            3
 x - a book of Callings

   Spells                             Type                      Level
   a - Summon Small Mammal            Summoning                    1
   b - Call Imp                       Summoning                    2
   c - Call Canine Familiar           Summoning                    3
   d - Summon Guardian Golem          Hexes/Summoning              3
   e - Summon Lightning Spire         Summoning/Air                4
   f - Summon Ice Beast               Ice/Summoning                4
 G - a book of Maledictions

   Spells                             Type                      Level
   a - Corona                         Hexes                        1
   b - Ensorcelled Hibernation        Hexes/Ice                    2
   c - Confuse                        Hexes                        3
   d - Tukima's Dance                 Hexes                        3
   e - Dazzling Spray                 Conjuration/Hexes            3


   Skills:
 + Level 7.2 Fighting
 * Level 6.4 Maces & Flails
 + Level 9.0 Crossbows
 + Level 6.8 Armour
 + Level 6.0 Dodging
 - Level 0.7 Stealth


You had 10 spell levels left.
You didn't know any spells.

Dungeon Overview and Level Annotations

Branches:
Dungeon (13/15)            Temple (1/1) D:7            Lair (0/6) D:11
    Orc (0/2) D:11
 Vaults: D:13-14

Altars:
Ashenzari
Cheibriados
Dithmenos
Elyvilon
Fedhas
Gozag
Hepliaklqana
Kikubaaqudgha
Makhleb
Nemelex Xobeh
Okawaru
Qazlal
Ru
Sif Muna
Trog
Uskayaw
Vehumet
Wu Jian
Xom
Yredelemnul
Zin
The Shining One

Shops:
D:11 [

Annotations:
D:6 nht's ghost, novice OgSk
D:9 Erica; itsmu's ghost, journeyman SpAM


Innate Abilities, Weirdness & Mutations

You do not eat or drink.
Your flesh is vulnerable to fire.
You are immune to poison.
Your flesh is cold resistant. (rC+)
You are immune to negative energy. (rN+++)
You are immune to unholy pain and torment.
You can survive without breathing.


Message History

Unknown command.
Unknown command.
Unknown command.
Found a sedimented orange potion.
Unknown command.
Unknown command.
The wyvern hisses menacingly.
Your magical contamination has completely faded away.
The wyvern hisses menacingly.
You barely miss the wyvern.
The wyvern is lightly wounded.
The wyvern barely misses you.
You hit the wyvern. You freeze the wyvern.
The wyvern is heavily wounded.
The wyvern barely misses you.
You whack the wyvern! You freeze the wyvern.
The wyvern is almost dead.
The wyvern bites you!
You die...
Your body crumbles into a pile of gold.

...#############.....#
...# $#.....# ...#
#.Y...# ...# #Y....#
...# #.....# ...#
#.....# ...# #l....#
#l##### #@# #.# #.# $
$$ #.# #.# ..# ###


You could see 2 yaks, a wyvern and an iguana.

Vanquished Creatures
  A two-headed ogre (D:9)
  Pikel (D:4)
  A manticore (D:12)
  3 ugly things
  A troll (D:11)
  2 hornets (D:11)
  Prince Ribbit (D:5)
  A hippogriff (D:12)
  A spriggan (D:9)
  A shadow (D:11)
  3 water moccasins
  3 orc warriors
  4 ice beasts
  A necrophage (D:9)
  3 sky beasts
  The ghost of Malvoorn the Skirmisher, an amateur DsAK of Lugonu (D:3)
  7 centaurs
  A phantom (D:7)
  9 ogres
  8 bullfrogs
  Blork the orc (D:4)
  3 big kobolds
  A gnoll sergeant (D:8)
  A water moccasin zombie (D:11)
  5 scorpions
  8 killer bees
  5 wights
  2 howler monkeys
  4 jellies
  5 crimson imps
  2 centaur zombies
  A bullfrog zombie (D:6)
  3 hounds
  A centaur skeleton (D:4)
  6 orc priests
  Ijyb (D:2)
  2 bullfrog skeletons
  4 iguanas
  7 orc wizards
  4 worker ants
  A killer bee zombie (D:8)
  A hound skeleton (D:8)
  A howler monkey zombie (D:6)
  A worker ant zombie (D:10)
  4 gnolls
  A howler monkey skeleton (D:7)
  10 adders
  A shadow imp (D:6)
  An adder skeleton (D:4)
  A worm (D:2)
  6 dart slugs
  6 leopard geckos
  28 orcs
  8 bats
  6 giant cockroaches
  7 goblins
  9 hobgoblins
  15 jackals
  A quokka (D:7)
  2 ball pythons
  5 frilled lizards
  26 kobolds
  A leopard gecko skeleton (D:5)
  A quokka skeleton (D:8)
  6 rats
268 creatures vanquished.

Vanquished Creatures (others)
  3 slaves
  A hound (D:4)
  A worker ant (D:4)
  A jackal (D:7)
6 creatures vanquished.

Grand Total: 274 creatures vanquished

Notes
Turn   | Place    | Note
-------+----------+-------------------------------------------
     0 | D:1      | 4thArraOfDagon the Mummy Hunter began the quest for the Orb.
     0 | D:1      | Reached XP level 1. HP: 16/16 MP: 1/1
   155 | D:2      | Reached XP level 2. HP: 22/22 MP: 2/2
   198 | D:3      | You fall through a shaft for 2 floors!
   198 | D:5      | Entered Level 5 of the Dungeon
   198 | D:5      | Noticed Blork the orc
   271 | D:3      | Noticed Malvoorn's ghost (amateur DsAK)
   324 | D:3      | Noticed Ijyb
   385 | D:2      | Killed Ijyb
   385 | D:2      | Reached skill level 4 in Crossbows
   385 | D:2      | Reached XP level 3. HP: 12/27 MP: 3/3
   546 | D:3      | Noticed a scorpion
   723 | D:4      | Noticed a slave
   723 | D:4      | Noticed a slave
   723 | D:4      | Noticed a slave
   739 | D:4      | Noticed Pikel
   740 | D:4      | Noticed a slave
   759 | D:4      | Found a sacrificial altar of Ru.
   780 | D:4      | Reached XP level 4. HP: 27/33 MP: 4/4
   813 | D:4      | Killed Pikel
   813 | D:4      | Reached skill level 7 in Crossbows
   813 | D:4      | Reached XP level 5. HP: 21/38 MP: 5/5
   813 | D:4      | Reached XP level 6. HP: 24/44 MP: 6/6
   829 | D:4      | Reached XP level 7. HP: 15/50 MP: 7/7
  1316 | D:6      | Got a crude scale mail
  1327 | D:6      | Identified the +5 scale mail "Qohek" {*Contam rC++} (You found it on level 6 of the Dungeon)
  1425 | D:6      | Reached skill level 1 in Armour
  1599 | D:6      | Got a faintly glowing robe
  1654 | D:6      | Identified a scroll of acquirement
  1659 | D:6      | ROTFL
  2060 | D:5      | Reached skill level 8 in Crossbows
  2403 | D:5      | Found a hazy altar of Hepliaklqana.
  2472 | D:5      | Noticed Prince Ribbit
  2477 | D:5      | Killed Prince Ribbit
  2477 | D:5      | Reached XP level 8. HP: 31/56 MP: 8/8
  2597 | D:6      | Noticed nht's ghost (novice OgSk)
  3460 | D:7      | Yermak: Hi. Do you have lag spikes?
  3470 | D:7      | 4thArraOfDagon: ya, horrible
  3481 | D:8      | 4thArraOfDagon: you too?
  3486 | D:8      | Yermak: yes
  3634 | D:8      | Reached skill level 9 in Crossbows
  3975 | D:8      | :(
  4582 | D:7      | Reached XP level 9. HP: 56/64 MP: 9/9
  5199 | D:4      | Became a worshipper of Ru the Awakened
  5280 | D:4      | Killed Blork the orc
  5705 | D:7      | Found a staircase to the Ecumenical Temple.
  5716 | Temple   | Entered the Ecumenical Temple
  5757 | Temple   | Fell from the grace of Ru
  5757 | Temple   | Became a worshipper of Gozag Ym Sagoz the Greedy
  6453 | D:3      | Killed Malvoorn's ghost
  7904 | D:7      | Reached skill level 1 in Maces & Flails
  8160 | D:8      | Reached skill level 5 in Fighting
  8400 | D:8      | Reached skill level 5 in Armour
  9335 | D:9      | Reached XP level 10. HP: 74/74 MP: 10/10
  9336 | D:9      | Noticed itsmu's ghost (journeyman SpAM)
  9618 | D:9      | Noticed Erica
 10084 | D:9      | Noticed a two-headed ogre
 10109 | D:9      | Killed a two-headed ogre
 10109 | D:9      | Reached skill level 5 in Dodging
 10312 | D:9      | Noticed a two-headed ogre
 10316 | D:10     | Entered Level 10 of the Dungeon
 10316 | D:10     | Noticed a two-headed ogre
 10548 | D:11     | Identified the +1 robe "Nowk" {+Inv rF- Regen+} (You found it on level 6 of the Dungeon)
 10588 | D:12     | Noticed a purple ugly thing
 10597 | D:12     | Killed a purple ugly thing
 10597 | D:12     | Reached skill level 5 in Maces & Flails
 10603 | D:12     | Noticed a manticore
 10614 | D:12     | Killed a manticore
 10681 | D:12     | Noticed a green ugly thing
 10781 | D:12     | Found a flagged portal.
 10799 | Bailey   | Entered a bailey
 11043 | D:11     | Bought a glowing cloak for 225 gold pieces
 11043 | D:11     | Bought a pair of encrusted boots for 285 gold pieces
 11043 | D:11     | Bought a runed helmet for 225 gold pieces
 11063 | D:11     | Identified the +0 pair of boots of the Lily {rF+ Str+3} (You bought it in a shop on level 11 of the Dungeon)
 11128 | D:11     | Reached XP level 11. HP: 83/83 MP: 11/11
 11275 | D:11     | Noticed a white ugly thing
 11307 | D:11     | Killed a white ugly thing
 11362 | D:11     | Found a staircase to the Orcish Mines.
 11394 | D:11     | Found a staircase to the Lair.
 11577 | D:12     | Killed a green ugly thing
 12412 | D:13     | Noticed a centaur warrior
 12415 | D:13     | Noticed a brown ugly thing
 12430 | D:13     | Noticed a deep elf mage
 12470 | D:13     | HP: 1/84 [cyclops/large rock (29)]
 12524 | D:13     | Slain by a wyvern

Vault maps used:
D:1:      onia_arrival_mini_spirals, amethyst_killhole, grunt_decor_one_mirror,
          minmay_tall_x
D:3:      wad_pebble_path, minmay_misc_feat_chi, st_stairs_12, uniq_iyjb
D:4:      nicolae_ru_awakened_eye, uniq_pikel
D:5:      lemuel_coloured_pillars_altar, first_bread, uniq_blork_the_orc,
          uniq_prince_ribbit1
D:7:      minmay_temple_entry_hall
D:9:      the_bakery, minmay_statue_bubble, uniq_erica
D:10:     grunt_ministairs_9
D:11:     lair_entry_dummy, orc_0_dummy
D:12:     enter_bailey_3
D:13:     minmay_stone_box, grunt_vaults_entry_tiered
Temple:   kilobyte_greek_temple
Bailey:   bailey_axe_4, bailey

Skill      XL: |  1  2  3  4  5  6  7  8  9 10 11 |
---------------+----------------------------------+-----
Crossbows      | 4 7 8 9 |  9.0
Armour         | 2 3 5 6 |  6.8
Dodging        | 2 4 5 6 |  6.0
Fighting       | 3 5 6 7 |  7.2
Maces & Flails | 2 5 6 |  6.4
Stealth        | |  0.7

Action                   |  1- 3 |  4- 6 |  7- 9 | 10-12 || total
-------------------------+-------+-------+-------+-------++-------
Melee: War axe           |    74 |     9 |   826 |       ||   909
       Whip              |       |       |    35 |   320 ||   355
       Hand crossbow     |       |       |       |     1 ||     1
 Fire: Hand crossbow     |    13 |       |    23 |   217 ||   253
Invok: Potion Petition   |       |       |     1 |     1 ||     2
       Call Merchant     |       |       |       |     1 ||     1
Evoke: Wand              |     3 |     5 |    45 |    19 ||    72
  Use: Scroll            |     5 |     1 |    13 |    11 ||    30
 Stab: Paralysed         |     9 |     7 |    25 |    10 ||    51
       Distracted        |       |     1 |       |     1 ||     2
       Confused          |       |       |     2 |       ||     2
Armor: Leather armour    |     7 |       |       |       ||     7
       Ring mail         |    24 |     3 |     5 |       ||    32
       Scale mail        |       |       |   679 |   284 ||   963
Dodge: Dodged            |    60 |     1 |   712 |   330 ||  1103
